 Dungeon Crawl Stone Soup version 0.19-a0-1007-g133f65f (webtiles) character file.

65 Gruud the Grave Robber (level 3, 0/24 HPs)
             Began as a Demonspawn Necromancer on July 19, 2016.
             Slain by Natasha (6 damage)
             ... on level 3 of the Dungeon.
             The game lasted 00:07:35 (2049 turns).

Gruud the Grave Robber (Demonspawn Necromancer)     Turns: 2049, Time: 00:07:37

Health: 0/24       AC:  3    Str:  9    XL:     3   Next: 92%
Magic:  1/6        EV: 12    Int: 16    God:
Gold:   145        SH:  0    Dex: 13    Spells: 3 memorised, 1 level left

rFire  . . .     SeeInvis +     n - +0 halberd
rCold  . . .     Gourm    .     a - +0 robe
rNeg   . . .     Faith    .     (shield currently unavailable)
rPois  .         Spirit   .     (no helmet)
rElec  .         Dismiss  +     (no cloak)
rCorr  .         Reflect  .     (no gloves)
SustAt .         Harm     .     (no boots)
MR     .....                    d - amulet of dismissal
Stlth  ++........               (no ring)
                                t - ring of see invisible

@: very slightly contaminated, not resistant to hostile enchantments, unstealthy
A: talons 1, icy blue scales 1
a: no special abilities


You were on level 3 of the Dungeon.
You were not hungry.

You visited 1 branch of the dungeon, and saw 3 of its levels.

You collected 145 gold pieces.

Inventory:

Hand Weapons
 g - a +0 club
 m - a +0 hand axe
 n - a +0 halberd (weapon)
Missiles
 i - 93 sling bullets
Armour
 a - a +0 robe (worn)
 l - a +0 ring mail
Jewellery
 d - an amulet of dismissal (around neck)
 t - a ring of see invisible (left hand)
Scrolls
 h - 4 scrolls of identify {unknown}
 o - a scroll of enchant armour {unknown}
 p - a scroll of magic mapping {unknown}
 q - a scroll of random uselessness {unknown}
 u - a scroll of teleportation {unknown}
Potions
 e - a potion of agility {unknown}
 j - 2 potions of curing
 v - a potion of heal wounds {unknown}
 w - a potion of brilliance {unknown}
 x - a potion of might {unknown}
Books
 b - a book of Necromancy

   Spells                             Type                      Level
   a - Pain                           Necromancy                   1
   b - Animate Skeleton               Necromancy                   1
   c - Vampiric Draining              Necromancy                   3
   d - Regeneration                   Charms/Necromancy            3
   e - Animate Dead                   Necromancy                   4
   f - Control Undead                 Necromancy                   4
Comestibles
 c - a bread ration
 f - a slice of pizza
 k - 2 meat rations
 r - a royal jelly
 s - 5 fruits


   Skills:
 - Level 1.7 Dodging
 - Level 1.7 Stealth
 - Level 2.0 Spellcasting
 * Level 6.1 Necromancy


You had one spell level left.
You knew the following spells:

 Your Spells              Type           Power        Failure   Level  Hunger
a - Pain                  Necr           ###.         1%          1    #......
b - Animate Skeleton      Necr           N/A          1%          1    #......
c - Vampiric Draining     Necr           ###.......   6%          3    ###....


Dungeon Overview and Level Annotations

Branches:
Dungeon (3/15)

Altars:
Gozag
Nemelex Xobeh

Annotations:
D:3 Natasha


Innate Abilities, Weirdness & Mutations

You have sharp toenails.
You are partially covered in icy blue scales. (AC +1)


Message History

Natasha is heavily wounded.
Natasha claws you!
You completely miss Natasha.
Natasha is heavily wounded.
Natasha claws you but does no damage. Natasha closely misses you.
You barely miss Natasha.
Natasha is heavily wounded.
Natasha barely misses you.
You miss Natasha. You claw Natasha, but do no damage.
Natasha is heavily wounded.
Natasha howls an incantation.
Natasha glows brightly for a moment.
Natasha stares at you and mumbles some strange words.
The magic dart hits you!
* * * LOW HITPOINT WARNING * * *
Natasha claws you but does no damage.
You hit Natasha.
Natasha is severely wounded.
Natasha claws you.
You die...

#.# #..# #.# ###..# .
#.# #....# ... #.#
#....# .... #.#
#....#..... #.#
#.......... #.#
#.......... ###.#####.##
##'#.......
.....5h@...####'########
###..####..#..".......#
... #..#.....###..# .
#.####..#.....###.###
........#.....#.....#
##.##...##....#.#.### #.
#.........#.._..#
#..#..##########.#.#
####.#..# #.....#


You could see Natasha and a white imp.

Vanquished Creatures
  3 gnolls
  2 worms (D:2)
  A dart slug (D:1)
  3 bats
  A giant cockroach (D:2)
  4 goblins (D:1)
  3 hobgoblins
  4 kobolds
  2 ball pythons (D:1)
  3 giant newts
  7 rats
33 creatures vanquished.

Notes
Turn   | Place    | Note
-------+----------+-------------------------------------------
     0 | D:1      | Gruud the Demonspawn Necromancer began the quest for the Orb.
     0 | D:1      | Reached XP level 1. HP: 13/13 MP: 3/3
     5 | D:1      | Learned a level 1 spell: Animate Skeleton
   557 | D:1      | Gained mutation: You have sharp toenails. [demonic ancestry]
   557 | D:1      | Reached XP level 2. HP: 19/19 MP: 3/5
   567 | D:1      | Reached skill level 5 in Necromancy
  1009 | D:2      | Gained mutation: You are partially covered in icy blue scales. (AC +1) [demonic ancestry]
  1009 | D:2      | Reached XP level 3. HP: 13/24 MP: 0/6
  1073 | D:1      | Learned a level 3 spell: Vampiric Draining
  1462 | D:2      | Found a sparkling altar of Nemelex Xobeh.
  1465 | D:2      | Reached skill level 6 in Necromancy
  1979 | D:3      | Noticed Natasha
  1981 | D:3      | Found an opulent altar of Gozag.
  2049 | D:3      | Slain by Natasha

Vault maps used:
D:1:      dpeg_arrival_pond
D:2:      lemuel_round_altar
D:3:      ashenzari_conservatory_becter,
          nicolae_gozag_cash_rules_everything_around_me,
          gammafunk_temple_overflow_statue, hex_medium, grunt_dithmenos_smoke,
          uniq_natasha

Skill      XL: |  1  2  3 |
---------------+----------+-----
Necromancy     | 5 6 |  6.1
Dodging        | |  1.7
Stealth        | |  1.7
Spellcasting   | |  2.0

Action                   || total
-------------------------++-------
Melee: Hand axe          ||    22
       Kick              ||     5
       Halberd           ||    28
 Cast: Pain              ||    43
       Vampiric Draining ||     2
  Use: Scroll            ||     2
       Potion            ||     1
 Stab: Sleeping          ||     5
  Eat: Chunk             ||     3
       Beef jerky        ||     1
Armor: Robe              ||     8
Dodge: Dodged            ||    36
